Map: Blackpink LE

Players

axu

  • Race: Protoss Protoss
  • League: Platinum
  • Spawn Location: 7:00

Cheater 1 (Insane) - Winner!

  • Race: Protoss Protoss
  • Spawn Location: 1:00

VOD

Have the link to the VOD?

Description

Time

  • Played on: May 11, 2018, 7:54 a.m.
  • Length: 9:16
Show
View Real Time Build Order
Export as new Build Order

axu Protoss 

Build Orders:  

Get SALT Encoding   

  12  0:01  Probe  
  13  0:13  Probe  
  14  0:21  Pylon  
  14  0:25  Probe  
  15  0:39  Probe  
  15  0:41  Gateway  
  16  0:51  Assimilator, Probe  
  17  0:59  Probe  
  18  1:07  Probe  
  19  1:18  Probe  
  19  1:23  Assimilator  
  20  1:30  Probe  
  21  1:35  Cybernetics Core  
  21  1:38  Gateway  
  21  1:43  Pylon  
  21  1:45  Probe  
  22  1:57  Probe  
  23  2:11  Warp Gate  
  23  2:13  Adept  
  25  2:23  Gateway x2, Adept  
  27  2:33  Probe  
  28  2:42  Pylon  
  28  2:46  Adept  
  30  3:00  Stalker  
  32  3:10  Nexus  
  30  3:44  Stalker x4  
  36  4:06  Pylon  
  36  4:08  Robotics Facility, Probe  
  37  4:20  Probe  
  38  4:24  Sentry  
  38  4:25  Sentry x2  
  38  4:27  Stalker  
  38  4:30  Probe  
  46  4:32  Probe  
  48  4:39  Probe  
  48  4:40  Probe  
  48  4:44  Forge  
  50  4:47  Probe  
  49  5:13  Immortal, Probe x2  
  49  5:14  Protoss Ground Weapons Level 1  
  45  5:30  Stalker x3  
  45  5:31  Stalker  
  45  5:35  Probe x2  
  55  5:38  Assimilator  
  55  5:39  Assimilator  
  55  5:44  Immortal  
  55  5:47  Probe x2  
  61  5:59  Probe  
  62  6:22  Pylon  
  62  6:24  Pylon  
  64  6:40  Probe x2  
  64  6:42  Stalker x2  
  64  6:43  Stalker x2  
  64  6:44  Nexus  
  72  6:57  Immortal, Protoss Ground Armor Level 1  
  76  7:08  Probe x2  
  77  7:14  Twilight Council  
  78  7:35  Pylon  
  78  7:40  Pylon, Forge  
  78  7:41  Pylon  
  78  7:53  Probe x2  
  78  7:58  Probe  
  81  8:05  Probe x2  
  81  8:10  Probe  
  81  8:11  Templar Archives  
  84  8:18  Probe  
  89  8:20  Immortal  
  89  8:26  Gateway  
  89  8:27  Gateway  
  89  8:28  Assimilator  
  89  8:29  Gateway  
  89  8:30  Assimilator  
  89  8:34  Gateway  
  89  8:43  Probe  
  89  8:44  Probe  
  89  8:45  Probe  
  82  8:55  Probe  
  71  9:05  Zealot  
  71  9:06  Zealot x3  
Show
View Real Time Build Order
Export as new Build Order

Cheater 1 (Insane) Protoss - Winner!

Build Orders: 1 Gate Expand, Zealot Archon 

Get SALT Encoding   

  12  0:00  Probe  
  13  0:13  Probe  
  14  0:19  Pylon  
  14  0:25  Probe  
  15  0:33  Probe  
  15  0:41  Probe  
  16  0:43  Assimilator  
  16  0:46  Gateway  
  17  0:51  Probe  
  17  0:52  Pylon  
  18  0:59  Probe  
  19  1:07  Probe  
  20  1:18  Probe  
  21  1:27  Nexus  
  21  1:30  Probe  
  22  1:33  Cybernetics Core  
  22  1:41  Zealot  
  22  1:42  Probe  
  25  1:53  Probe  
  25  2:01  Probe  
  26  2:03  Pylon  
  27  2:09  Gateway, Probe  
  27  2:11  Stalker, Warp Gate  
  27  2:12  Assimilator  
  30  2:20  Probe  
  31  2:25  Pylon  
  31  2:32  Probe  
  31  2:35  Probe  
  32  2:41  Adept  
  32  2:43  Probe  
  35  2:44  Robotics Facility  
  35  2:45  Probe  
  37  2:53  Probe  
  37  2:55  Probe  
  37  2:56  Adept  
  41  3:03  Probe  
  41  3:05  Probe  
  42  3:08  Adept  
  42  3:11  Probe  
  45  3:17  Probe  
  47  3:21  Pylon  
  47  3:23  Adept, Probe  
  49  3:29  Probe  
  49  3:33  Gateway  
  46  3:35  Adept, Probe  
  46  3:37  Probe  
  47  3:45  Probe  
  47  3:46  Immortal, Adept  
  47  3:47  Probe  
  55  3:56  Probe  
  55  3:58  Pylon  
  55  3:59  Probe  
  35  4:02  Stalker  
  57  4:08  Probe  
  60  4:11  Probe  
  60  4:12  Robotics Facility  
  61  4:18  Stalker  
  61  4:20  Probe  
  61  4:23  Probe  
  65  4:25  Immortal  
  65  4:27  Stalker, Pylon  
  65  4:30  Pylon  
  71  4:32  Probe  
  71  4:36  Probe  
  71  4:37  Stalker  
  75  4:40  Gateway  
  75  4:42  Stalker  
  75  4:44  Probe  
  78  4:48  Probe  
  79  4:56  Pylon, Probe  
  79  4:58  Immortal  
  84  5:00  Probe, Forge  
  84  5:01  Stalker  
  84  5:03  Forge  
  84  5:04  Stalker, Probe  
  84  5:05  Immortal  
  93  5:10  Zealot  
  94  5:21  Pylon  
  94  5:26  Twilight Council  
  94  5:28  Assimilator, Immortal  
  94  5:30  Assimilator  
  94  5:32  Zealot  
  96  5:39  Zealot  
  102  5:44  Immortal, Pylon  
  106  5:55  Nexus, Pylon  
  106  6:01  Probe  
  106  6:02  Probe  
  108  6:06  Templar Archives  
  108  6:09  Probe  
  108  6:13  Zealot, Photon Cannon  
  108  6:15  Pylon  
  108  6:17  Photon Cannon  
  108  6:18  Pylon  
  111  6:19  Sentry  
  111  6:25  Warp Prism  
  113  6:26  Sentry  
  113  6:32  Protoss Ground Weapons Level 1, Warp Prism  
  115  6:34  Gateway  
  115  6:38  Photon Cannon  
  115  6:39  Protoss Ground Armor Level 1  
  119  6:40  Photon Cannon  
  119  6:41  Stalker  
  119  6:45  Stalker, High Templar  
  125  6:47  Pylon  
  125  6:50  High Templar  
  127  6:58  Warp Prism  
  129  7:01  Observer  
  129  7:04  Sentry  
  129  7:05  Probe  
  129  7:07  Probe x2  
  129  7:08  Stalker, Pylon  
  136  7:11  Psionic Storm  
  136  7:13  Probe  
  136  7:15  Archon  
  137  7:18  Zealot  
  137  7:19  Assimilator, Nexus, Probe  
  137  7:20  Probe  
  137  7:22  Pylon, Probe, High Templar  
  144  7:25  Photon Cannon  
  144  7:26  Assimilator  
  145  7:31  High Templar, Probe  
  145  7:34  Stalker, Probe x2  
  152  7:37  Zealot, Pylon  
  152  7:43  Probe  
  155  7:45  Archon  
  155  7:46  Probe x2  
  155  7:50  High Templar  
  159  7:53  Stalker  
  159  7:55  Probe  
  159  7:56  Photon Cannon  
  159  7:57  Probe  
  159  7:58  High Templar, Probe  
  165  7:59  Photon Cannon  
  165  8:00  Observer x2  
  165  8:04  Stalker  
  170  8:05  Probe  
  170  8:06  Pylon  
  170  8:07  Probe  
  170  8:08  Sentry  
  170  8:10  Probe  
  170  8:12  Sentry  
  177  8:20  Robotics Facility  
  177  8:22  Stargate  
  177  8:27  Pylon  
  177  8:30  Robotics Bay  
  177  8:41  Assimilator, Nexus  
  177  8:43  Pylon  
  177  8:45  Assimilator  
  177  8:46  Stalker  
  177  8:47  Zealot  
  177  8:48  Archon, Stalker  
  183  8:51  Stalker  
  183  8:53  Stalker  
  171  9:04  Forge  
  171  9:07  Zealot  
  171  9:08  Photon Cannon  
  171  9:09  Zealot  
  183  9:11  Sentry  
  183  9:12  Pylon  
  183  9:14  Sentry  
Tags
 
Composition
Zealot Archon
League
Platinum
Matchup
PvP
Spawn Locations
Cross Positions
Add a new tag
Caveats
  • Supply blocks, unpowered buildings, or Contaminate may cause inaccurate times.
  • Supply counts are checked every 10 seconds.